 Dungeon Crawl Stone Soup version 0.28.0 (webtiles) character file.

Game seed: 17534646697991138788

27 Descartes the Digger (level 2, -2/15 HPs)
             Began as a Deep Elf Wanderer on Feb 4, 2022.
             Slain by an orange demon (8 damage)
             ... created by the fury of Makhleb
             ... on level 1 of the Dungeon.
             The game lasted 00:02:45 (834 turns).

Descartes the Digger (Deep Elf Wanderer)             Turns: 834, Time: 00:02:47

Health: -2/15      AC:  3    Str:  7    XL:     2   Next: 93%
Magic:  3/8        EV: 11    Int: 17    God:
Gold:   45         SH:  0    Dex: 15    Spells: 6/7 levels left

rFire   . . .      SeeInvis .   a - +0 dagger
rCold   + . .      Faith    .   (no shield)
rNeg    . . .      Spirit   .   c - +0 robe
rPois   .          Reflect  .   (no helmet)
rElec   .          Harm     .   (no cloak)
rCorr   .          Rampage  .   (no gloves)
Will    .....                   d - +0 pair of boots
Stlth   ++........              (no amulet)
HPRegen 0.05/turn               g - ring of protection from cold
MPRegen 0.11/turn               (no ring)

@: no status effects
A: no striking features
a: no special abilities


You were on level 1 of the Dungeon.
You visited 1 branch of the dungeon, and saw 1 of its levels.

You collected 45 gold pieces.

Inventory:

Hand Weapons
 a - a +0 dagger (weapon)
Missiles
 b - 37 stones
Armour
 c - a +0 robe (worn)
 d - a +0 pair of boots (worn)
Jewellery
 g - a ring of protection from cold (left hand)
Scrolls
 f - 2 scrolls of identify {unknown}
 h - a scroll of teleportation {unknown}
Potions
 e - a potion of mutation {unknown}


   Skills:
 - Level 2.4 Stealth
 + Level 3.0 Spellcasting
 - Level 1.2 Necromancy
 + Level 5.0 Earth Magic
 - Level 1.0 Invocations
 - Level 1.1 Evocations


You had 6 spell levels left.
You knew the following spells:

 Your Spells              Type           Power      Damage    Failure   Level
a - Sandblast             Erth           38%        2d10      2%          1

Your spell library contained the following spells:

 Spells                   Type           Power      Damage    Failure   Level
 Passwall                 Tmut/Erth      9%         N/A       10%         2
 Sublimation of Blood     Necr           6%         N/A       16%         2
 Corpse Rot               Necr/Air       8%         N/A       21%         2
 Animate Armour           Summ/Erth      22%        N/A       52%         4


Dungeon Overview and Level Annotations

Branches:
Dungeon (1/15)

Altars:
Makhleb


Message History

The blast of sand hits the endoplasm.
The endoplasm is almost dead.
The endoplasm quivers.
Casting: Sandblast (safe; 2% risk of failure)
Confirm with . or Enter, or press ? or * to list all spells.
Aiming: Sandblast (safe; 2% risk of failure)
Press: ? - help, Shift-Dir - straight line, f/p - endoplasm
Aim: an endoplasm (almost dead, 98% to hit)
The blast of sand hits the endoplasm!
You kill the endoplasm!
Your Spellcasting skill increases to level 3!
Your Earth Magic skill increases to level 5!
Makhleb sends a minion to punish you.
An orange demon comes into view.
Casting: Sandblast (safe; 2% risk of failure)
Confirm with . or Enter, or press ? or * to list all spells.
Aiming: Sandblast (safe; 2% risk of failure)
Press: ? - help, Shift-Dir - straight line, f - orange demon
Aim: an orange demon (durably summoned, 87% to hit)
The blast of sand hits the orange demon!
The orange demon is moderately wounded.
Casting: Sandblast (safe; 2% risk of failure)
Confirm with . or Enter, or press ? or * to list all spells.
Aiming: Sandblast (safe; 2% risk of failure)
Press: ? - help, Shift-Dir - straight line, f/p - orange demon
Aim: an orange demon (moderately wounded, durably summoned, 87% to hit)
The blast of sand hits the orange demon.
The orange demon is moderately wounded.
The orange demon stings you from afar!
Ouch! That really hurt!
Casting: Sandblast (safe; 2% risk of failure)
Confirm with . or Enter, or press ? or * to list all spells.
Aiming: Sandblast (safe; 2% risk of failure)
Press: ? - help, Shift-Dir - straight line, f/p - orange demon
Aim: an orange demon (moderately wounded, durably summoned, 87% to hit)
The blast of sand hits the orange demon!
The orange demon is heavily wounded.
The orange demon stings you from afar!
Ouch! That really hurt!
You die...

...#.#.###..........
###+#.#.########.....
###................#...
.>.....>....(..........
#....................
#.......#########...♣
########.#....... #♣♣♣♣
...!.....#.......
.......@.#.......
........##.......
.......4##.#####.
........##.# ........#
.# #...÷ ........#
#.8.. ######### #....
#.... #....


You could see an orange demon.

Vanquished Creatures
  A ball python (D:1)
  4 bats (D:1)
  5 endoplasms (D:1)
  A goblin (D:1)
  A hobgoblin (D:1)
  3 jackals (D:1)
  A kobold (D:1)
  A quokka (D:1)
  A frilled lizard (D:1)
  6 rats (D:1)
24 creatures vanquished.

Notes
Turn   | Place    | Note
-------+----------+-------------------------------------------
     0 | D:1      | Descartes the Deep Elf Wanderer began the quest for the
                  | Orb.
     0 | D:1      | Descartes set off with the following items: a +0 dagger, 25
                  | stones, a +0 robe, a +0 pair of boots; and the following
                  | spell memorised: Sandblast; and the following spells
                  | available to memorise: Passwall, Sublimation of Blood,
                  | Corpse Rot, Animate Armour
     0 | D:1      | Reached XP level 1. HP: 10/10 MP: 5/5
   217 | D:1      | Reached XP level 2. HP: 11/15 MP: 2/7
   741 | D:1      | Found a faded altar of an unknown god.
   774 | D:1      | Prayed at the altar of an unknown god.
   774 | D:1      | Became a worshipper of Makhleb the Destroyer
   774 | D:1      | Reached * piety under Makhleb
   775 | D:1      | Fell from the grace of Makhleb
   827 | D:1      | Reached skill level 5 in Earth Magic
   832 | D:1      | Noticed an orange demon
   834 | D:1      | Slain by an orange demon

Illustrated notes

Levels and vault maps discovered:
D:1:      giann_forest_graveyard, layout_basic, shapermc_ecumenical_altar_gd,
          minmay_misc_feat_tower, serial_bayou_ford_a

Skill      XL: |  1  2 |
---------------+-------+-----
Spellcasting   | 2 3 |  3.0
Earth Magic    | 5 |  5.0
Stealth        | |  2.4
Necromancy     | |  1.2
Invocations    | |  1.0
Evocations     | |  1.1

Action                   || total
-------------------------++-------
 Cast: Sandblast         ||    36
Invok: Renounce Religion ||     1
Dodge: Dodged            ||     2
